 Dungeon Crawl Stone Soup version 0.21-a0-133-gf55ed5b (webtiles) character file.

121355 4thArraOfDagon the Phalangite (level 16, -2/136 HPs)
             Began as a Gnoll Wanderer on July 17, 2017.
             Was an Elder of Lugonu.
             Killed from afar by a ghostly deep elf death mage (8 damage)
             ... with a bolt of negative energy
             ... on level 3 of the Elven Halls.
             The game lasted 02:00:33 (29644 turns).

4thArraOfDagon the Phalangite (Gnoll Wanderer)     Turns: 29644, Time: 02:00:33

Health: -2/136     AC: 22    Str:  7    XL:     16   Next: 84%
Magic:  26/26      EV:  5    Int:  7    God:    Lugonu [****..]
Gold:   1176       SH:  0    Dex:  7    Spells: 2/20 levels left

rFire    . . .     SeeInvis +   d - +2 glaive (vamp)
rCold    + . .     Gourm    .   (shield currently unavailable)
rNeg     . . .     Faith    .   y - +1 plate armour of Contentment {Regen+ Dex+3}
rPois    +         Spirit   .   (helmet restricted)
rElec    .         Reflect  .   F - +2 cloak
rCorr    .         Harm     .   A - +2 pair of gloves
MR       +....                  (no boots)
Stlth    ..........             h - amulet of regeneration
HPRegen  1.12/turn              v - +5 ring of evasion
MPRegen  0.20/turn              s - ring of protection from cold

@: very heavily drained
A: unchanging attributes, fangs 1, horns 1, talons 1, iridescent scales 1, see
invisible, blink, poison resistance, strong nose
a: Blink, Depart the Abyss, Bend Space, Banish, Corrupt, Renounce Religion


You were on level 3 of the Elven Halls.
You worshipped Lugonu.
Lugonu was greatly pleased with you.
You were not hungry.

You visited 5 branches of the dungeon, and saw 29 of its levels.
You visited the Abyss 1 time.
You also visited: Labyrinth and Wizlab.

You collected 2982 gold pieces.
You spent 1806 gold pieces at shops.

Inventory:

Hand Weapons
 d - a +2 vampiric glaive (weapon)
 U - a +1 bardiche of electrocution
Missiles
 K - a throwing net (quivered)
Armour
 y - the +1 plate armour of Contentment (worn) {Regen+ Dex+3}
   (You bought it in a shop on level 2 of the Orcish Mines)

   It affects your dexterity (+3).
   It increases your rate of regeneration.
 A - a +2 pair of gloves (worn)
 F - a +2 cloak (worn)
 V - the +1 pair of gloves of Sif Muna's Whim {rPois rF+ MR- Str+5}
   (You found it in a labyrinth)

   It affects your strength (+5).
   It protects you from fire.
   It protects you from poison.
   It affects your resistance to hostile enchantments.
Magical Staves
 W - an uncursed staff of earth
Jewellery
 a - an uncursed ring of protection from magic {unknown}
 h - an amulet of regeneration (around neck)
 l - an uncursed ring of fire
 s - a ring of protection from cold (right hand)
 v - a +5 ring of evasion (left hand)
Wands
 g - a wand of iceblast (8/15)
 k - a wand of disintegration (5/24)
 n - a wand of polymorph (0/24)
 t - a wand of polymorph (12/24)
 z - a wand of lightning (7/15)
 C - a wand of confusion (24/48)
 D - a wand of polymorph (7/24)
 O - a wand of iceblast (7/15)
 Y - a wand of paralysis (15/24)
Scrolls
 e - 3 scrolls of recharging
 f - 4 scrolls of immolation
 o - a scroll of blinking
 q - a scroll of fear
 r - 2 scrolls of enchant armour
 w - 3 scrolls of holy word
 B - a scroll of amnesia
 Q - a scroll of brand weapon
 R - 3 scrolls of fog
 X - 2 scrolls of remove curse
 Z - a scroll of identify
Potions
 b - a potion of invisibility
 i - a potion of agility
 p - a potion of brilliance
 E - a potion of magic
 H - a potion of ambrosia
 P - 7 potions of mutation
Books
 c - the Volume of Distant Shores
   (You found it on level 1 of the Elven Halls)

   Spells                             Type                      Level
   a - Summon Guardian Golem          Hexes/Summoning              3
   b - Summon Ice Beast               Ice/Summoning                4
   c - Dragon's Call                  Summoning                    9
 G - a book of Enchantments

   Spells                             Type                      Level
   a - Cause Fear                     Hexes                        4
   b - Yara's Violent Unravelling     Hexes/Transmutation          5
   c - Silence                        Hexes/Air                    5
   d - Deflect Missiles               Charms/Air                   6
   e - Discord                        Hexes                        8
 N - a book of Burglary

   Spells                             Type                      Level
   a - Swiftness                      Charms/Air                   2
   b - Passwall                       Transmutation/Earth          2
   c - Passage of Golubria            Translocation                4
   d - Lee's Rapid Deconstruction     Earth                        5
   e - Darkness                       Hexes                        6
   f - Invisibility                   Hexes                        6
 S - a book of Transfigurations

   Spells                             Type                      Level
   a - Irradiate                      Conjuration/Transmutation    5
   b - Statue Form                    Transmutation/Earth          6
   c - Hydra Form                     Transmutation                6
   d - Dragon Form                    Transmutation                7
Miscellaneous
 J - a phial of floods
Comestibles
 j - 2 meat rations
 I - 14 bread rations


   Skills:
 - Level 15.0(9.5) Fighting
 - Level 25.2(18.5) Polearms
 - Level 12.0(6.9) Armour
 - Level 10.0(5.2) Dodging
 - Level 2.5(0.0) Spellcasting
 - Level 4.4(0.2) Transmutations
 - Level 4.7(0.5) Earth Magic
 * Level 13.5(8.2) Invocations
 - Level 2.6(0.0) Evocations


You had 2 spell levels left.
You knew the following spells:

 Your Spells              Type           Power        Failure   Level  Hunger
a - Regeneration          Chrm/Necr      #.........   100%        3    ####...
b - Spectral Weapon       Hex/Chrm       #.......     100%        3    ####...
c - Statue Form           Tmut/Erth      #........    100%        6    #######
d - Blink                 Tloc           N/A          100%        2    ###....
e - Passage of Golubria   Tloc           N/A          100%        4    #####..


Dungeon Overview and Level Annotations

Branches:
Dungeon (15/15)            Temple (0/1) D:5            Lair (6/6) D:11
  Swamp (0/4) Lair:4       Spider (3/4) Lair:4        Slime (0/5) Lair:5
    Orc (2/2) D:12            Elf (3/3) Orc:2        Depths (0/5) D:15
 Vaults: D:13-14

Altars:
Ashenzari
Fedhas
Makhleb
Ru
Trog
Vehumet
Xom
Beogh
Jiyva
Lugonu

Shops:
D:12 (   Orc:2 [(:*   Elf:2 %:%

Annotations:
D:13 4thArraOfDagon's ghost, journeyman HaWn; Nessos; grindst0ne's ghost, journeyman VSAs
Lair:2 exclusion: 2 oklob plants
Orc:1 corrupted
Orc:2 corrupted
Elf:2 corrupted, 4 runed doors
Abyss:1 Sonja


Innate Abilities, Weirdness & Mutations

Your physical attributes are unchanging.
You have very sharp teeth.
Your uncanny sense of smell can sniff out nearby items.
You have a pair of small horns on your head.
You have sharp toenails.
You are partially covered in iridescent scales. (AC +2)
You have supernaturally acute eyesight. (SInv)
You can translocate small distances at will.
Your system is resistant to poisons. (rPois)


Message History

The bolt of negative energy hits the earth elemental.
The earth elemental completely resists.
You barely miss the ghostly deep elf death mage.
Your kick misses the ghostly deep elf death mage.
The ghostly deep elf death mage is lightly damaged.
Unknown command.
You barely miss the ghostly deep elf death mage.
Your headbutt misses the ghostly deep elf death mage.
Your bite misses the ghostly deep elf death mage.
The ghostly deep elf death mage is lightly damaged.
The ghostly deep elf death mage casts a spell at you.
The bolt of negative energy hits you!
You feel drained.
* * * LOW HITPOINT WARNING * * *
The bolt of negative energy hits the earth elemental.
The earth elemental completely resists.
You slash the ghostly deep elf death mage!
The ghostly deep elf death mage is moderately damaged.
The ghostly deep elf death mage casts a spell at you.
The bolt of negative energy hits you!
You feel drained.
You die...

.S.+...........#
*,,,,,,,,
####.....P.....#
**,,,,,,, #
#...........# *,,,,,,,
## #...........#
*,,,⌠,,*
.####.........##
*,,,,,,*
#.####......<'##
*+******
##e####.....##.## *,*
##.###########E## #.#
##.## #####@## #.#
##.## ###...##e## #.#
##.###......)#'## #.#
##'.......)...'## #.#
##...........#.## #.#
#...........##.## #.#
#...........###.###'##
#..(........#
##'#...##
#.....(.....#
##.....##


You could see a ghostly deep elf death mage and an earth elemental.

Vanquished Creatures
  Aizul (Elf:3)
  A deep elf demonologist (Elf:2)
  A deep elf death mage (Elf:3)
  Josephine (D:14)
  A great orb of eyes (D:15)
  3 two-headed ogres
  3 centaur warriors (D:15)
  A catoblepas (D:12)
  7 dancing weapons
  7 deep elf knights
  8 deep elf archers
  2 unseen horrors
  39 deep elf magi
  4 orb spiders (Spider:1)
  4 ugly things
  5 cyclopes
  2 orc sorcerers
  12 wolf spiders
  The ghost of 4thArraOfDagon the Nimble, a novice FeSu of the Shining One (D:12)
  A centaur zombie (D:14)
  8 elephants
  3 black mambas
  6 spiny frogs
  A gargoyle (D:14)
  2 rime drakes (Lair:6)
  An efreet (D:15)
  3 torpor snails (Spider:1)
  7 komodo dragons
  2 kobold demonologists (D:12)
  3 demonic crawlers
  7 polar bears
  5 hornets
  12 jumping spiders
  5 trolls
  A slime creature (shapeshifter) (Elf:2)
  A raiju (shapeshifter) (Elf:3)
  11 blink frogs
  10 slime creatures
  9 dream sheep (Lair:6)
  11 hippogriffs
  A meliai zombie (D:15)
  15 spriggans
  Sigmund (D:2)
  26 redbacks
  7 tarantellas
  3 air elementals
  5 wraiths
  6 wyverns
  A shadow (D:11)
  32 yaks
  2 basilisks
  4 fire elementals
  4 water elementals
  2 hungry ghosts
  A steam dragon (shapeshifter) (Elf:1)
  9 vampire mosquitoes
  Grum (D:11)
  11 soldier ants
  3 wargs (Orc:1)
  16 water moccasins
  17 orc warriors
  4 porcupines
  6 black bears
  3 eyes of draining
  4 sky beasts
  3 ice beasts
  31 wolves
  3 phantoms
  12 ogres
  2 necrophages
  A boggart (Lair:6)
  13 centaurs
  13 crocodiles
  20 bullfrogs
  6 big kobolds
  2 earth elementals
  2 scorpions
  11 killer bees
  9 howler monkeys
  8 crimson imps
  2 bullfrog zombies
  2 centaur skeletons
  13 orc priests
  2 jellies
  6 hounds
  3 bullfrog skeletons
  5 gnoll shamans
  18 orc wizards
  14 worker ants
  A worker ant (shapeshifter) (D:14)
  A killer bee zombie (D:7)
  The ghost of 4thArraOfDagon the Skirmisher, a weakling GnWn (D:4)
  A hound zombie (D:10)
  A hound skeleton (D:7)
  A worker ant zombie (D:10)
  11 gnolls
  10 adders
  2 shadow imps
  3 oozes
  An adder zombie (D:8)
  2 adder skeletons
  2 worms
  3 leopard geckos
  69 orcs
  6 bats (D:2)
  6 giant cockroaches
  11 goblins
  5 hobgoblins
  12 jackals
  2 quokkas
  4 ball pythons
  5 frilled lizards
  16 kobolds
  6 rats
  2 fungi
  2 plants
783 creatures vanquished.

Vanquished Creatures (others)
  Asterion (Elf:2)
  2 orc warlords
  An entropy weaver (Spider:3)
  A deep elf annihilator (Elf:2)
  A minotaur (Lab)
  An ettin (D:15)
  5 hydras
  A centaur warrior (D:13)
  6 two-headed ogres
  A dancing weapon (Elf:2)
  A tengu warrior (D:15)
  4 orc high priests (Orc:2)
  A deep elf knight (Elf:2)
  A fire crab (Lair:6)
  2 unseen horrors
  A deep troll (D:15)
  3 orc knights (Orc:2)
  4 deep elf magi
  2 deep elf archers
  An orc sorcerer (Orc:2)
  7 orb spiders
  2 cyclopes
  An ugly thing (D:14)
  A manticore (D:15)
  2 gargoyles
  A freezing wraith (D:14)
  A spiny frog (Lair:6)
  An efreet (D:14)
  A troll (Orc:2)
  A hornet (D:12)
  A jumping spider (Spider:3)
  A hippogriff (D:7)
  A raiju (shapeshifter) (D:13)
  A basilisk (Lair:5)
  A warg (Orc:2)
  17 orc warriors
  An ice beast (D:8)
  A sky beast (D:12)
  2 boggarts (Lair:6)
  A wolf (D:11)
  6 ogres (Orc:2)
  A centaur (D:7)
  An orc priest (Orc:2)
  2 orc wizards (Orc:2)
  7 orcs
  2 bushes (D:4)
  7 fungi
  4 plants
  13 starspawn tentacles
128 creatures vanquished.

Grand Total: 911 creatures vanquished

Notes
Turn   | Place    | Note
-------+----------+-------------------------------------------
     0 | D:1      | 4thArraOfDagon the Gnoll Wanderer began the quest for the Orb.
     0 | D:1      | 4thArraOfDagon set off with: a +2 spear, a +0 mace, a +0 ring mail, a bread ration
     0 | D:1      | Reached XP level 1. HP: 21/21 MP: 2/2
     0 | D:1      | You fall through a shaft!
     1 | D:2      | LOL??
    14 | D:2      | Reached skill level 1 in Polearms
    74 | D:2      | I s signs in th sky
    87 | D:2      | Reached skill level 2 in Polearms
    87 | D:2      | Reached XP level 2. HP: 24/27 MP: 4/4
   117 | D:2      | Reached skill level 3 in Polearms
   244 | D:1      | Reached XP level 3. HP: 33/33 MP: 5/5
   533 | D:2      | Noticed Sigmund
   606 | D:2      | Reached skill level 4 in Polearms
   646 | D:2      | Found a runed door.
   945 | D:2      | Reached XP level 4. HP: 39/39 MP: 6/6
  1191 | D:3      | Reached skill level 5 in Polearms
  1231 | D:3      | Found a faded altar of an unknown god.
  1257 | D:3      | Noticed a centaur
  1269 | D:3      | Killed a centaur
  1269 | D:3      | Reached skill level 6 in Polearms
  1269 | D:3      | Reached XP level 5. HP: 30/44 MP: 7/7
  1277 | D:3      | Became a worshipper of Lugonu the Unformed
  1277 | D:3      | Reached * piety under Lugonu
  1277 | D:3      | Reached ** piety under Lugonu
  1278 | D:3      | SIGNS
  1279 | D:3      | You fall through a shaft for 3 floors!
  1370 | D:5      | Entered Level 5 of the Dungeon
  1481 | D:4      | Noticed an ogre
  1570 | D:3      | Reached skill level 1 in Invocations
  1676 | D:3      | Gained mutation: Your magical capacity is low. (-10% MP) [potion of mutation]
  1676 | D:3      | Gained mutation: You are frail. (-10% HP) [potion of mutation]
  1676 | D:3      | Gained mutation: You have sharp toenails. [potion of mutation]
  1682 | D:3      | Reached skill level 7 in Polearms
  1682 | D:3      | Reached XP level 6. HP: 20/45 MP: 7/7
  1957 | D:3      | Found a bloodstained altar of Trog.
  1957 | D:3      | Found a sacrificial altar of Ru.
  2625 | D:4      | Found a blossoming altar of Fedhas.
  2637 | D:4      | Noticed 4thArraOfDagon's ghost (weakling GnWn)
  2987 | D:5      | Reached skill level 8 in Polearms
  3126 | D:5      | Found a staircase to the Ecumenical Temple.
  3639 | D:6      | RIP
  3663 | D:6      | Reached XP level 7. HP: 38/50 MP: 8/8
  3678 | D:6      | Reached *** piety under Lugonu
  3794 | D:7      | Noticed a two-headed ogre
  3922 | D:7      | Reached skill level 9 in Polearms
  3969 | D:7      | Banished a two-headed ogre
  3969 | D:7      | Reached skill level 10 in Polearms
  3969 | D:7      | Reached skill level 5 in Invocations
  3969 | D:7      | Reached XP level 8. HP: 32/55 MP: 8/10
  4021 | D:7      | Found a blossoming altar of Fedhas.
  4110 | D:7      | Noticed a hippogriff
  4138 | D:7      | Banished a hippogriff
  4138 | D:7      | Reached skill level 11 in Polearms
  4225 | D:7      | Noticed a spriggan baker
  4873 | D:8      | Found a shattered altar of Ashenzari.
  4942 | D:8      | Reached skill level 12 in Polearms
  4970 | D:8      | Reached XP level 9. HP: 50/61 MP: 11/12
  5438 | D:8      | Reached skill level 13 in Polearms
  5492 | D:8      | Noticed a two-headed ogre
  5493 | D:8      | Banished a two-headed ogre
  5518 | D:8      | Gained mutation: You occasionally shout uncontrollably at your foes. [mutagenic meat]
  5519 | D:8      | Gained mutation: Your system is resistant to poisons. (rPois) [mutagenic meat]
  5520 | D:8      | Gained mutation: You are partially covered in iridescent scales. (AC +2) [mutagenic meat]
  5521 | D:8      | Gained mutation: You possess an exceptional clarity of mind. [mutagenic meat]
  5671 | D:7      | Reached skill level 1 in Dodging
  5927 | D:7      | Lost mutation: Your magical capacity is low. (-10% MP) [potion of mutation]
  5927 | D:7      | Lost mutation: You occasionally shout uncontrollably at your foes. [potion of mutation]
  5927 | D:7      | Lost mutation: Your system is resistant to poisons. (rPois) [potion of mutation]
  5927 | D:7      | Lost mutation: You are frail. (-10% HP) [potion of mutation]
  5927 | D:7      | Lost mutation: You have sharp toenails. [potion of mutation]
  5927 | D:7      | Lost mutation: You possess an exceptional clarity of mind. [potion of mutation]
  5927 | D:7      | Gained mutation: You have sharp toenails. [potion of mutation]
  5927 | D:7      | Gained mutation: You have a pair of small horns on your head. [potion of mutation]
  5927 | D:7      | Gained mutation: You tend to lose your temper in combat. [potion of mutation]
  5927 | D:7      | Gained mutation: You can translocate small distances at will. [potion of mutation]
  5954 | D:7      | Reached skill level 14 in Polearms
  6000 | D:7      | Found a burning altar of Makhleb.
  6458 | D:6      | Reached XP level 10. HP: 61/76 MP: 16/16
  6639 | D:4      | Killed 4thArraOfDagon's ghost
  7026 | D:2      | Killed Sigmund
  7044 | D:2      | Noticed Crazy Yiuf
  7045 | D:2      | Noticed Crazy Yiuf
  7045 | D:2      | Crazy Yiuf changed into Crazy Yiuf the worker ant
  7048 | D:2      | Killed Crazy Yiuf the worker ant
  7883 | D:9      | Reached **** piety under Lugonu
  7966 | D:10     | Entered Level 10 of the Dungeon
  8004 | D:10     | Noticed a gargoyle
  8005 | D:10     | Noticed a two-headed ogre
  8198 | D:10     | Banished a two-headed ogre
  8198 | D:10     | Reached skill level 15 in Polearms
  8238 | D:10     | Learned a level 3 spell: Regeneration
  8239 | D:10     | Noticed a two-headed ogre
  8242 | D:10     | Learned a level 3 spell: Spectral Weapon
  8242 | D:10     | Banished a two-headed ogre
  8242 | D:10     | Reached skill level 10 in Invocations
  8342 | D:10     | Reached skill level 5 in Dodging
  8342 | D:10     | Reached XP level 11. HP: 68/86 MP: 6/18
  8510 | D:10     | Banished an unseen horror
  8797 | D:10     | Killed an unseen horror
  8849 | D:10     | Found a shimmering altar of Xom.
  8851 | D:10     | Found a shimmering altar of Xom.
  8851 | D:10     | Found a shimmering altar of Xom.
  8851 | D:10     | Found a shimmering altar of Xom.
  8853 | D:10     | Found a shimmering altar of Xom.
  9112 | D:12     | Banished an unseen horror
  9223 | D:12     | Noticed a cyclops
  9251 | D:11     | Noticed a two-headed ogre
  9252 | D:11     | Banished a two-headed ogre
  9394 | D:11     | Found a staircase to the Lair.
  9425 | D:11     | Reached skill level 16 in Polearms
  9465 | D:11     | Noticed Grum
  9479 | D:11     | Killed Grum
  9633 | D:11     | Noticed a cyclops
  9663 | D:11     | Banished a cyclops
 10438 | D:12     | Noticed 4thArraOfDagon's ghost (novice FeSu)
 10597 | D:12     | Noticed a purple ugly thing
 10617 | D:12     | Killed a purple ugly thing
 10617 | D:12     | Reached XP level 12. HP: 37/97 MP: 6/20
 10634 | D:12     | Lost mutation: You tend to lose your temper in combat. [mutagenic meat]
 10635 | D:12     | Gained mutation: You have supernaturally acute eyesight. (SInv) [mutagenic meat]
 10636 | D:12     | Gained mutation: Your system is resistant to poisons. (rPois) [mutagenic meat]
 11218 | D:13     | Noticed grindst0ne's ghost (journeyman VSAs)
 11305 | D:12     | Reached skill level 10 in Fighting
 11399 | D:12     | Found Ycug's Antique Weapon Shop.
 11720 | D:15     | Entered Level 15 of the Dungeon
 11765 | D:15     | Noticed a tengu warrior
 11786 | D:15     | Banished a tengu warrior
 11786 | D:15     | Reached skill level 17 in Polearms
 11801 | D:14     | Noticed Josephine
 11811 | D:15     | Noticed a centaur warrior
 11815 | D:15     | Noticed a great orb of eyes
 11817 | D:15     | Noticed an ettin
 11817 | D:15     | Banished an ettin
 11820 | D:15     | Paralysed by a great orb of eyes for 2 turns
 11834 | D:15     | Killed a great orb of eyes
 11840 | D:15     | Killed a centaur warrior
 11840 | D:15     | Reached skill level 10 in Armour
 11966 | D:15     | Noticed Sonja
 11967 | D:15     | Banished Sonja
 12117 | D:15     | Noticed a centaur warrior
 12137 | D:15     | Killed a centaur warrior
 12284 | D:15     | Noticed a two-headed ogre
 12299 | D:15     | Killed a two-headed ogre
 12480 | D:15     | Noticed a two-headed ogre
 12524 | D:15     | Banished a two-headed ogre
 12524 | D:15     | Reached XP level 13. HP: 45/106 MP: 18/22
 12720 | D:13     | Noticed Nessos
 12722 | D:13     | Noticed Nessos
 12722 | D:13     | Nessos changed into Nessos the water nymph
 12886 | D:15     | Found a staircase to the Depths.
 13331 | D:14     | Reached skill level 18 in Polearms
 14004 | D:14     | Killed Josephine
 14242 | D:13     | Noticed 4thArraOfDagon's ghost (journeyman HaWn)
 14345 | D:13     | Found Genadik's Book Emporium.
 14354 | D:13     | Bought a book of Transfigurations for 660 gold pieces
 14365 | D:13     | Learned a level 6 spell: Statue Form
 14633 | D:13     | Reached skill level 1 in Earth Magic
 14710 | D:13     | Reached skill level 1 in Transmutations
 14778 | D:13     | Reached skill level 1 in Spellcasting
 15007 | D:12     | Found a staircase to the Orcish Mines.
 15237 | Orc:1    | Entered Level 1 of the Orcish Mines
 15240 | Orc:2    | Entered Level 2 of the Orcish Mines
 15367 | Orc:1    | Found a roughly hewn altar of Beogh.
 16078 | Orc:2    | Noticed an orc warlord
 16284 | D:12     | Killed 4thArraOfDagon's ghost
 16479 | Lair:1   | Entered Level 1 of the Lair of Beasts
 16482 | Lair:1   | Got a scorched dagger
 16605 | Lair:1   | Found a labyrinth entrance.
 16610 | Lair:1   | Reached skill level 10 in Dodging
 16630 | Lab      | Entered a labyrinth
 16714 | Lab      | Noticed a minotaur
 16717 | Lab      | Banished a minotaur
 16730 | Lab      | Got a pair of ichor-stained gloves
 16741 | Lab      | Identified the +1 pair of gloves of Sif Muna's Whim {rPois rF+ MR- Str+5} (You found it in a labyrinth)
 17175 | Lair:2   | Reached XP level 14. HP: 26/115 MP: 20/23
 17743 | Lair:3   | Identified a scroll of acquirement
 17797 | Lair:3   | Reached skill level 19 in Polearms
 18228 | Lair:4   | Found a hole to the Spider Nest.
 18702 | Lair:4   | Found a staircase to the Swamp.
 18918 | Lair:5   | Reached skill level 20 in Polearms
 19190 | Lair:5   | Found a viscous altar of Jiyva.
 19191 | Lair:5   | Found a staircase to the Slime Pits.
 19408 | Lair:6   | Entered Level 6 of the Lair of Beasts
 19962 | Lair:6   | Reached skill level 21 in Polearms
 20974 | Lair:6   | Reached XP level 15. HP: 65/120 MP: 24/24
 21092 | Lair:6   | Reached skill level 22 in Polearms
 21917 | Orc:2    | Corrupted Orc:2
 21917 | Orc:2    | Noticed a tentacled starspawn
 21928 | Orc:2    | Found Toawav's Antique Weapon Shoppe.
 21950 | Orc:2    | Killed an orc warlord
 21988 | Orc:2    | Found a staircase to the Elven Halls.
 22535 | Orc:2    | Noticed an orc warlord
 22680 | Orc:1    | Corrupted Orc:1
 22680 | Orc:1    | Noticed a tentacled starspawn
 22684 | Orc:1    | Killed an orc warlord
 22874 | Orc:2    | Found Weleple's General Store.
 22885 | Orc:2    | Bought a potion of heal wounds for 55 gold pieces
 22885 | Orc:2    | Bought a potion of curing for 33 gold pieces
 22902 | Orc:2    | Found Xoell's Book Boutique.
 22929 | Orc:2    | Found Kemitic's Antique Armour Shoppe.
 22943 | Orc:2    | Bought a bloodstained plate armour for 728 gold pieces
 22953 | Orc:2    | Identified the +1 plate armour of Contentment {Regen+ Dex+3} (You bought it in a shop on level 2 of the Orcish Mines)
 23075 | Orc:2    | Bought a potion of curing for 33 gold pieces
 23090 | Orc:2    | Bought a faintly glowing war axe for 297 gold pieces
 23357 | Spider:1 | Entered Level 1 of the Spider Nest
 23643 | Spider:1 | Learned a level 2 spell: Blink
 23648 | Spider:1 | Learned a level 4 spell: Passage of Golubria
 23710 | Spider:1 | Reached skill level 23 in Polearms
 23961 | Spider:1 | Identified the cursed +2 war axe "Opufuh" {freeze, Dex+2} (You bought it in a shop on level 2 of the Orcish Mines)
 24078 | Spider:1 | Reached ***** piety under Lugonu
 25277 | Spider:3 | Reached skill level 24 in Polearms
 25802 | Elf:1    | Entered Level 1 of the Elven Halls
 25846 | Elf:1    | Found a radiant altar of Vehumet.
 25959 | Elf:1    | Reached XP level 16. HP: 85/131 MP: 25/25
 26613 | Elf:2    | Found a magical portal.
 26616 | WizLab   | Entered Doroklohe's Tomb
 26692 | Elf:2    | Found Sukew's Book Boutique.
 26718 | Elf:2    | Corrupted Elf:2
 26718 | Elf:2    | Noticed a tentacled starspawn
 26718 | Elf:2    | Noticed a tentacled starspawn
 26718 | Elf:2    | Noticed an ancient lich
 26718 | Elf:2    | Noticed a tentacled starspawn
 26744 | Elf:2    | Noticed a revenant
 26846 | Elf:2    | Killed Asterion
 26940 | Elf:2    | Found Iddang Bays's Food Shoppe.
 27150 | Elf:2    | Found Fauteso's Food Shop.
 27153 | Elf:2    | :(
 27192 | Elf:3    | Entered Level 3 of the Elven Halls
 27194 | Elf:3    | :(
 27710 | Elf:3    | Noticed Aizul
 28246 | Elf:3    | Killed Aizul
 28386 | Elf:3    | Reached skill level 25 in Polearms
 28860 | Elf:3    | Cast into level 2 of the Abyss (a deep elf sorcerer)
 28861 | Elf:3    | Escaped the Abyss
 28861 | Elf:3    | Noticed a deep elf master archer
 28862 | Elf:3    | :O
 28862 | Elf:3    | 4thArraOfDagon: rotfl
 29103 | Elf:2    | Found a huge runed gate.
 29103 | Elf:2    | Found a huge runed gate.
 29103 | Elf:2    | Found a huge runed gate.
 29103 | Elf:2    | Found a huge runed gate.
 29142 | Elf:1    | Reached skill level 15 in Fighting
 29198 | Elf:1    | Noticed a Tzitzimitl
 29299 | Elf:1    | Identified the Volume of Distant Shores
 29643 | Elf:3    | HP: 5/136 [ghostly deep elf death mage/bolt of negative energy (46)]
 29644 | Elf:3    | Killed from afar by a ghostly deep elf death mage

Vault maps used:
D:1:      minmay_arrival_stair_chambers
D:2:      kennysheep_generic_room_12, uniq_sigmund, uniq_crazy_yiuf_cottage
D:3:      gammafunk_temple_overflow_pools,
          chequers_ecumenical_altar_simple_redux, first_bread
D:4:      fedhas_bush_and_centaur_altar
D:5:      minmay_temple_entry_glassed_door
D:6:      hangedman_abyss_or_decor_lesser_grid, hangedman_glass_teeth
D:7:      kennysheep_little_box, the_bakery, makhleb_blood_cavern_becter
D:8:      old_standard_altar
D:10:     glass_columns_a, xom_redecorated
D:11:     david_lair_shrubbed, serial_glass, glass_columns_a, glass_columns_b,
          uniq_grum
D:12:     orc_0_dummy, serial_shops, shop
D:13:     serial_shops, shop, kennysheep_mini_moat, uniq_azrael, uniq_nessos
D:14:     kennysheep_seaside_town, grunt_vaults_entry_fortified,
          infiniplex_staircase_pool_2, uniq_josephine
D:15:     hangedman_depths_entry_civil_slaughter, serial_bayou_lagoon_a,
          hangedman_abyss_or_decor_clamps, uniq_sonja
Lair:1:   lab_entry_generic, small_statue_intersection
Lair:2:   grunt_megastairs_2, minmay_lair_oklob_chamber
Lair:3:   serial_bayou_shore_b
Lair:4:   swamp_mist_pool, spider_nest_entry_web_field
Lair:5:   slime_altar_1, forest_entry_grove, grunt_megastairs_4,
          serial_bayou_shore_b
Lair:6:   minmay_lair_end_enchanted_forest, zaba_anthole, lemuel_fruit_tree
Spider:2: nicolae_orb_stairs
Spider:3: minivault_29
Orc:1:    basic_altar
Orc:2:    grunt_orc_gardens, grunt_orc_garden, grunt_orc_garden,
          grunt_orc_garden, grunt_orc_garden
Elf:1:    eino_elf_arrival_altar, minmay_elf_demonology
Elf:2:    serial_shops, shop, shop, shop, mu_enter_wizlab_7, uniq_asterion
Elf:3:    minmay_elf_hall_quartered_circle, st_stairs_12, uniq_aizul
Abyss:2:  guppyfry_abyss_exit_imp_island
Lab:      nicolae_lab_dead_adventurers, nicolae_lab_plus,
          labyrinth_skeletal_remains
WizLab:   wizlab_doroklohe

Skill      XL: |  1  2  3  4  5  6  7  8  9 10 11 12 13 14 15 16 |
---------------+-------------------------------------------------+-----
Polearms       | 2 3 4 6 7 8 10 12 14 15 16 17 18 21 24 25 | 25.2
Invocations    | 1 3 5 7 9 10 11 12 13 | 13.5
Dodging        | 1 5 7 8 10 | 10.0
Fighting       | 6 8 9 11 12 13 15 | 15.0
Armour         | 7 9 10 11 12 | 12.0
Earth Magic    | 4 |  4.7
Transmutations | 4 |  4.4
Spellcasting   | 2 |  2.5
Evocations     | |  2.6

Action                   |  1- 3 |  4- 6 |  7- 9 | 10-12 | 13-15 | 16-18 || total
-------------------------+-------+-------+-------+-------+-------+-------++-------
Melee: Spear             |   132 |   345 |   518 |   138 |       |       ||  1133
       Bite              |     4 |     8 |    17 |    49 |   135 |    27 ||   240
       Kick              |       |    12 |    55 |   124 |   291 |    55 ||   537
       Headbutt          |       |       |     4 |    76 |   200 |    43 ||   323
       Scythe            |       |       |       |   745 |   362 |       ||  1107
       Halberd           |       |       |       |   143 |   253 |       ||   396
       Glaive            |       |       |       |       |  1020 |   701 ||  1721
       Bardiche          |       |       |       |       |  1112 |       ||  1112
Throw: Throwing net      |       |       |       |       |     2 |       ||     2
Invok: Banish            |       |       |     7 |    25 |    39 |       ||    71
       Bend Space        |       |       |       |       |     1 |     1 ||     2
       Corrupt           |       |       |       |       |     2 |     1 ||     3
       Depart the Abyss  |       |       |       |       |       |     1 ||     1
 Abil: Blink             |       |       |       |       |       |     2 ||     2
Evoke: Wand              |       |       |     3 |     1 |    13 |     3 ||    20
       Sack of spiders   |       |       |       |       |       |     2 ||     2
       Phial of floods   |       |       |       |       |       |     1 ||     1
       Phantom mirror    |       |       |       |       |       |     1 ||     1
  Use: Potion            |     1 |    10 |     2 |     4 |    14 |    13 ||    44
       Scroll            |       |     8 |     3 |     8 |    21 |     7 ||    47
 Stab: Invisible         |       |       |       |       |     5 |       ||     5
       Distracted        |       |       |       |       |     1 |       ||     1
       Held in net/web   |       |       |       |       |     1 |       ||     1
  Eat: Chunk             |       |     8 |    13 |    21 |    23 |     1 ||    66
       Fruit             |       |       |     4 |     2 |    20 |       ||    26
       Royal jelly       |       |       |     1 |     3 |     6 |     1 ||    11
       Meat ration       |       |       |       |     1 |     4 |     2 ||     7
Armor: Ring mail         |    52 |    75 |    86 |   387 |   239 |       ||   839
       Skin              |       |     3 |       |       |       |       ||     3
       Chain mail        |       |       |       |       |   720 |       ||   720
       Plate armour      |       |       |       |       |   657 |   413 ||  1070
Dodge: Dodged            |    55 |   108 |   221 |   872 |  1498 |   149 ||  2903
